 Dungeon Crawl Stone Soup version 0.30-a0-950-gbf40cfac39 (webtiles) character file.

Game seed: 15696862410450084822

2 Maize the Chopper (level 1, 20/20 HPs)
             Began as a Minotaur Berserker on Aug 17, 2022.
             Was a Follower of Trog.
             Quit the game on level 1 of the Dungeon on Mar 28, 2023.
             The game lasted 00:00:52 (214 turns).

Maize the Chopper (Minotaur Berserker)               Turns: 214, Time: 00:00:53

Health: 20/20      AC:  2    Str: 21    XL:     1   Next: 33%
Magic:  0/0        EV: 12    Int:  4    God:    Trog [*.....]
Gold:   3          SH:  0    Dex:  9    Spells: 0/0 levels left

rFire   . . .      SeeInvis .    a - +0 hand axe
rCold   . . .      Faith    .    (no shield)
rNeg    . . .      Spirit   .    b - +0 animal skin
rPois   .          Reflect  .    (helmet restricted)
rElec   .          Rampage  .    (no cloak)
rCorr   .                        (no gloves)
Will    .....                    (no boots)
Stlth   +                        (no amulet)
HPRegen 0.23/turn                (no ring)
MPRegen 0.07/turn                (no ring)

@: no status effects
A: horns 2, retaliatory headbutt
a: Renounce Religion, Berserk


You were on level 1 of the Dungeon.
You worshipped Trog.
Trog was aware of your devotion.
You visited 1 branch of the dungeon, and saw 1 of its levels.

You collected 3 gold pieces.

Inventory:

Hand Weapons
 a - a +0 hand axe (weapon)
Armour
 b - a +0 animal skin (worn)
Potions
 c - a potion of flight {unknown}


   Skills:
 + Level 3.7 Fighting
 + Level 3.7 Axes
 + Level 2.5 Armour
 + Level 2.2 Dodging


You couldn't memorise any spells.
You didn't know any spells.
Your spell library was empty.

Dungeon Overview and Level Annotations

Branches:
Dungeon (1/15)

Altars:


Innate Abilities, Weirdness & Mutations

You have a pair of horns on your head.
You reflexively headbutt those who attack you in melee.


Message History

The hobgoblin is severely wounded.
The hobgoblin misses you.
You hit the hobgoblin. You headbutt the hobgoblin.
You kill the hobgoblin!
Trog accepts your kill.
Found a sling.
You see here a hobgoblin corpse.
HP restored.
An endoplasm comes into view.
An endoplasm is nearby!
The endoplasm quivers.
You slash the endoplasm!
You kill the endoplasm!
Trog accepts your kill.
No target in view!
No target in view!
No target in view!
No target in view!
No target in view!
No target in view!
No target in view!
No target in view!
No target in view!
No target in view!
No target in view!
No target in view!
No target in view!
No target in view!
No target in view!
No target in view!
No target in view!
No target in view!
No target in view!
No target in view!
No target in view!
Welcome back, Maize the Minotaur Berserker.
Trog says: Kill them all!
Press ? for a list of commands and other information.
You see here a hobgoblin corpse.
Are you sure you want to abandon this character and quit the game? (Confirm with "yes".)

#. ############.#
######.#### #.#
#.........#############.#
#.........#.............#
#.........#.#############
#.........#.....#
#.........#####'##########
###........†.#...........#
...........#@#...........#
.##.)......#.#...........#
#........#.#...........#
#........#.#...........#
######+###.#...........#
#.##.########## #....#
######


There were no monsters in sight!

Vanquished Creatures
  An endoplasm (D:1)
  A hobgoblin (D:1)
2 creatures vanquished.

Notes
Turn   | Place    | Note
-------+----------+-------------------------------------------
     0 | D:1      | Maize the Minotaur Berserker began the quest for the Orb.
     0 | D:1      | Reached XP level 1. HP: 19/19 MP: 0/0
   209 | D:1      | Upgraded the game from 0.29-a0-1052-g6990b1bffc to
                  | 0.30-a0-950-gbf40cfac39
   214 | D:1      | Quit the game

Illustrated notes

Levels and vault maps discovered:
D:1:      wander_arrival_fairy_ring, layout_basic,
          chequers_ecumenical_altar_simple_redux

Action                     || total
---------------------------++-------
  Melee: Hand axe          ||     7
         Headbutt          ||     2
  Dodge: Dodged            ||     3

Table legend: (Time is in decaauts)
 A = Elapsed time spent in this place.
 B = Non-inter-level travel time spent in this place.
 C = Inter-level travel time spent in this place.
 D = Time resting spent in this place.
 E = Time spent auto-exploring this place.
 F = Levels seen in this place.
 G = Mean time per level.
                   A        B        C        D        E       F      G
               +--------+--------+--------+--------+--------+-----+--------+
         Total |    215 |    215 |      0 |      0 |    194 |   1 |  215.0 |
       Dungeon |    215 |    215 |      0 |      0 |    194 |   1 |  215.0 |
               +--------+--------+--------+--------+--------+-----+--------+

Top non-repeatable levels by time:
     D:1: 215 daAuts
